 Dungeon Crawl Stone Soup version 0.25.1-3-ge44b62a0b3 (webtiles) character file.

Game seed: 353191236999358534

328007 Garmo the Warrior (level 21, -2/146 HPs)
             Began as a Gargoyle Fighter on Nov 19, 2020.
             Was an Elder of Makhleb.
             Killed from afar by a deep elf death mage (10 damage)
             ... with a bolt of negative energy
             ... on level 3 of the Elven Halls on Nov 20, 2020.
             The game lasted 04:08:26 (55221 turns).

Garmo the Warrior (Gargoyle Fighter)               Turns: 55221, Time: 04:08:27

Health: -2/146     AC: 39    Str: 29    XL:     21   Next: 68%
Magic:  10/10      EV: 10    Int: 14    God:    Makhleb [****..]
Gold:   1669       SH: 27    Dex: 10    Spells: 18/20 levels left

rFire    + . .     SeeInvis +   b - +5 demon whip "Spellbinder" {antimagic, MR+}
rCold    x . .     Gourm    .   A - +0 tower shield
rNeg     + . .     Faith    .   N - +1 plate armour {MR+}
rPois    ∞         Spirit   .   H - +3 crown of Dyrovepreva {rElec Int+2 SInv}
rElec    +         Reflect  +   E - +1 cloak
rCorr    .         Harm     .   Z - +1 pair of gloves {Str+3}
MR       +++..                  U - +0 pair of boots {Stlth+}
Stlth    ..........             R - amulet of reflection
HPRegen  0.34/turn              Y - +4 ring of slaying
MPRegen  0.12/turn              Q - ring of fire

@: about to teleport, corroded, flying, drained
A: big wings, negative energy resistance 1, electricity resistance, unbreathing,
petrification resistance, rot immunity, AC +16
}: 2/15 runes: decaying, serpentine
a: Stop Flying, Minor Destruction, Lesser Servant of Makhleb, Major Destruction,
Renounce Religion


You were on level 3 of the Elven Halls.
You worshipped Makhleb.
Makhleb was greatly pleased with you.
You were very hungry.

You visited 8 branches of the dungeon, and saw 39 of its levels.
You visited 1 bazaar.
You also visited: Sewer, Gauntlet and Ice Cave.

You collected 4542 gold pieces.
You spent 2873 gold pieces at shops.

Inventory:

Hand Weapons
 a - the +1 demon whip "Trog's Anger" {pain, *Noise rC+++ Str+4 SInv}
   (You acquired it on level 11 of the Dungeon)

   In the hands of one skilled in necromantic magic, it inflicts extra damage on
   living creatures.
   It affects your strength (+4).
   It renders you almost immune to cold.
   It lets you see invisible.
   It may make noises in combat.
 b - the +5 demon whip "Spellbinder" (weapon) {antimagic, MR+}
   (You found it in an ice cave)

   It reduces the magical energy of the wielder, and disrupts the spells and
   magical abilities of those hit.
   Natural abilities and divine invocations are not affected.
   It affects your resistance to hostile enchantments.
Missiles
 i - 57 boomerangs (quivered)
 l - a throwing net {!f}
 V - 18 silver javelins
Armour
 A - a +0 tower shield (worn)
   (You took it off a naga warrior on level 4 of the Snake Pit)
 E - a +1 cloak (worn)
   (You found it on level 4 of the Dungeon)
 H - the +3 crown of Dyrovepreva (worn) {rElec Int+2 SInv}
   (You found it on level 1 of the Elven Halls)

   It affects your intelligence (+2).
   It insulates you from electricity.
   It lets you see invisible.
 N - a +1 plate armour of magic resistance (worn)
   (You took it off an orc knight on level 1 of the Orcish Mines)
 U - a +0 pair of boots of stealth (worn)
   (You bought it in a shop in a bazaar)
 Z - a +1 pair of gloves of strength (worn)
   (You bought it in a shop in a bazaar)
Jewellery
 z - an uncursed ring of see invisible
   (You took it off a deep elf demonologist on level 1 of the Elven Halls)
 Q - a ring of fire (right hand)
   (You bought it in a shop on level 2 of the Orcish Mines)
 R - an amulet of reflection (around neck)
   (You bought it in a shop on level 2 of the Orcish Mines)
 Y - a +4 ring of slaying (left hand)
   (You found it on level 15 of the Dungeon)
Wands
 c - a wand of disintegration (7)
   (You took it off an orc on level 1 of the Vaults)
 d - a wand of iceblast (80)
   (You found it on level 6 of the Dungeon)
 t - a wand of flame (132)
   (You found it on level 11 of the Dungeon)
 u - a wand of paralysis (37)
   (You found it on level 1 of the Lair of Beasts)
 v - a wand of digging (6)
   (You found it on level 14 of the Dungeon)
 x - a wand of acid (40)
   (You took it off an orc on level 4 of the Dungeon)
 K - a wand of clouds (16)
   (You took it off an orc warrior on level 9 of the Dungeon)
Scrolls
 f - 14 scrolls of teleportation {@r4}
 h - 10 scrolls of blinking
 j - 3 scrolls of fog
 p - 23 scrolls of identify {@r1}
 w - 2 scrolls of summoning
 F - 3 scrolls of immolation {!r}
 G - 4 scrolls of fear
 J - 6 scrolls of enchant armour
 L - 10 scrolls of remove curse {@r2}
 O - a scroll of silence
 P - 6 scrolls of enchant weapon
 W - 5 scrolls of magic mapping
Potions
 g - a potion of ambrosia
 k - 2 potions of berserk rage
 m - 6 potions of might
 n - 8 potions of mutation {!q}
 q - 4 potions of magic
 s - 6 potions of haste {@q3}
 y - a potion of invisibility
 B - 15 potions of curing {@q1}
 C - 5 potions of cancellation
 D - 4 potions of lignification {!q}
 I - 9 potions of brilliance
 M - a potion of resistance
Miscellaneous
 S - 3 boxes of beasts
 T - a phial of floods
   (You found it in a Gauntlet)
 X - 2 phantom mirrors
Comestibles
 e - 43 rations {!d}


   Skills:
 - Level 20.0(18.5) Fighting
 + Level 14.5(13.2) Maces & Flails
 - Level 15.0(13.7) Armour
 - Level 10.0(8.8) Dodging
 + Level 18.1(16.7) Shields
 - Level 10.0(8.8) Necromancy
 - Level 15.0(13.7) Invocations


You had 18 spell levels left.
You knew the following spells:

 Your Spells              Type           Power        Failure   Level  Hunger
c - Apportation           Tloc           #.....       99%         1    ##.....
u - Animate Skeleton      Necr           N/A          14%         1    ##.....

Your spell library contained the following spells:

 Spells                   Type           Power        Failure   Level  Hunger
 Corona                   Hex            #......      99%         1    ##.....
 Freeze                   Ice            #...         99%         1    ##.....
 Infusion                 Chrm           #...         99%         1    ##.....
 Summon Small Mammal      Summ           #...         99%         1    ##.....
 Ensorcelled Hibernation  Hex/Ice        #.....       100%        2    ###....
 Poisonous Vapours        Pois/Air       #.....       100%        2    ###....
 Shroud of Golubria       Chrm/Tloc      #.....       100%        2    ###....
 Slow                     Hex            #.......     100%        2    ###....
 Song of Slaying          Chrm           #.......     100%        2    ###....
 Confusing Touch          Hex            #.......     100%        3    ####...
 Conjure Flame            Conj/Fire      #.......     100%        3    ####...
 Dazzling Flash           Conj/Hex       #.....       100%        3    ####...
 Frozen Ramparts          Ice            #.....       100%        3    ####...
 Ignite Poison            Fire/Tmut/Pois #.......     100%        3    ####...
 Inner Flame              Hex/Fire       #.......     100%        3    ####...
 Mephitic Cloud           Conj/Pois/Air  #.......     100%        3    ####...
 Ozocubu's Armour         Chrm/Ice       #.......     100%        3    ####...
 Portal Projectile        Hex/Tloc       #.....       100%        3    ####...
 Spectral Weapon          Hex/Chrm       #.......     100%        3    ####...
 Static Discharge         Conj/Air       #.......     100%        3    ####...
 Tukima's Dance           Hex            #.......     100%        3    ####...
 Cause Fear               Hex            #.........   100%        4    #####..
 Hailstorm                Conj/Ice       #.......     100%        4    #####..
 Leda's Liquefaction      Hex/Erth       #.........   100%        4    #####..
 Summon Ice Beast         Ice/Summ       #.......     100%        4    #####..
 Bolt of Magma            Conj/Fire/Erth #.........   100%        5    ######.
 Fireball                 Conj/Fire      #.........   100%        5    ######.
 Irradiate                Conj/Tmut      #.........   100%        5    ######.
 Iskenderun's Battlesphe  Conj/Chrm      #.......     100%        5    ######.
 Lightning Bolt           Conj/Air       #.........   100%        5    ######.
 Freezing Cloud           Conj/Ice/Air   #.........   100%        6    #######
 Hydra Form               Tmut           #.........   100%        6    #######
 Iron Shot                Conj/Erth      #.........   100%        6    #######
 Starburst                Conj/Fire      #.........   100%        6    #######
 Dragon Form              Tmut           #.........   100%        7    #######
 Orb of Destruction       Conj           #.........   100%        7    #######
 Ring of Flames           Chrm/Fire      #.........   100%        7    #######
 Spellforged Servitor     Conj/Summ      #.........   100%        7    #######
 Ignition                 Fire           #.........   100%        8    #######
 Shatter                  Erth           #.........   100%        9    #######
 Tornado                  Air            #.........   100%        9    #######
 Statue Form              Tmut/Erth      Unusable     N/A         6    N/A

Dungeon Overview and Level Annotations

Branches:
Dungeon (15/15)            Temple (1/1) D:4            Lair (6/6) D:11
  Swamp (4/4) Lair:3        Snake (4/4) Lair:3        Slime (0/5) Lair:5
    Orc (2/2) D:10            Elf (3/3) Orc:2        Vaults (4/5) D:14
  Crypt (0/3) Vaults:2     Depths (0/5) D:15          Sewer (visited)
  IceCv (visited)         Gauntlet (visited)

Altars:
Ashenzari
Cheibriados
Dithmenos
Elyvilon
Fedhas
Gozag
Hepliaklqana
Kikubaaqudgha
Makhleb
Nemelex Xobeh
Okawaru
Qazlal
Ru
Sif Muna
Trog
Uskayaw
Vehumet
Wu Jian
Xom
Yredelemnul
Zin
The Shining One
Beogh
Jiyva

Shops:
D:11 [   D:15 *   Orc:2 [?=%   Elf:1 !   Snake:1 [:[   Vaults:3 %   Vaults:4 }

Annotations:
Lair:4 2 transporters, Vuikataa's ghost, journeyman FoFi
Lair:5 1 runed translucent door, gareth1b's ghost, journeyman GnFi
Swamp:3 1 runed translucent door, kulik242's ghost, adept DEFE


Innate Abilities, Weirdness & Mutations

You are resistant to torment.
Your stone body is resilient. (AC +16)
You are immune to poison.
Your large and strong wings let you fly indefinitely.
You resist negative energy. (rN+)
You are resistant to electric shocks. (rElec)
You can survive without breathing.
You are immune to petrification.
You are immune to rotting.


Message History

Some walls begin to move on their own!
The deep elf mage mumbles some strange words.
The deep elf death mage hits you but does no damage.
You hear a shout! x2
The earth elemental disappears in a puff of smoke!
The fire elemental disappears in a puff of smoke! x2
The earth elemental disappears in a puff of smoke!
The deep elf annihilator is empowered by the deep elf high priest's aura!
The deep elf high priest mumbles some strange prayers to its god against you.
Something smites you!
* * * LOW HITPOINT WARNING * * *
You block the earth elemental's attack. The earth elemental barely misses you.
The fire elemental misses your cacodemon.
Your cacodemon hits the earth elemental!
Your cacodemon hits the earth elemental but does no damage.
The deep elf demonologist is empowered by the deep elf high priest's aura!
The fire elemental hits your cacodemon.
The fire elemental burns your cacodemon!
The deep elf annihilator is engulfed in blazing flames.
The deep elf annihilator casts a spell.
The deep elf annihilator blinks!
The deep elf death mage points at you and mumbles some strange words.
The bolt of negative energy hits you! You partially resist.
You feel drained.
* * * LOW HITPOINT WARNING * * *
The earth elemental closely misses your cacodemon.
The earth elemental hits you but does no damage.
As you read the scroll of teleportation {@r4}, it crumbles to dust.
You feel strangely unstable.
The deep elf death mage seems less brilliant.
The deep elf sorcerer points at you and mumbles some strange words.
The bolt of acid hits you!!!
* * * LOW HITPOINT WARNING * * *
The acid corrodes you!
You are splashed with acid!
* * * LOW HITPOINT WARNING * * *
The fire elemental completely misses your cacodemon.
The deep elf demonologist gestures wildly while chanting.
Send 'em back where they came from!
Your cacodemon shudders.
Your cacodemon gestures at the earth elemental.
The bolt of energy hits the earth elemental!!
The earth elemental is blown up!
The bolt of energy hits the deep elf mage!!
The deep elf death mage is empowered by the deep elf high priest's aura!
You block the earth elemental's attack.
The deep elf mage casts a spell at your cacodemon.
The sticky flame hits your cacodemon.
Your cacodemon is covered in liquid flames!
The deep elf death mage gestures at you while chanting.
The bolt of negative energy hits you! You partially resist.
You feel drained.
You die...

# #.......# #.....# # #.......#
##...## # #.......# #...'## #
##.....## #####.## # #.....'##
##.###+###+ # #######.####
##'#.....## # ##'#.### ##.......#
## ###...e..######.........
.#########E#2.ee@.+....'.........
.'.....).○eE§EeEE.######.........
.######..○EEeeE.E## #......... ##
#..e#..EE#.# #.........
#.)○######## ##.......# ##e##
##.....#+ #e# ##'##### #*# #.# #.
#e# ####.# #.


You could see a deep elf annihilator (empowered), 2 deep elf death magi, a deep
elf sorcerer (fast, empowered, poisoned), a ghostly deep elf elementalist (fast,
empowered, repels missiles), a deep elf demonologist (empowered), a deep elf
high priest (brilliance aura), 7 earth elementals, a deep elf mage (empowered),
3 fire elementals and a friendly cacodemon (summoned, burning).

Vanquished Creatures
  Vashnia (Snake:3)
  Jorgrun (D:14)
  An Ice Fiend (IceCv)
  Asterion (Snake:1)
  A lich (Vaults:4)
  2 deep elf blademasters
  4 thorn hunters
  Roxanne (Swamp:1)
  2 fire giants (Vaults:4)
  5 nagarajas
  4 vault wardens
  A deep elf sorcerer (Vaults:3)
  2 iron dragons (Elf:1)
  A frost giant (Vaults:2)
  A very ugly thing (D:10)
  10 ironheart preservers
  5 stone giants (Vaults:4)
  2 deep elf demonologists
  A deep elf annihilator (Vaults:2)
  A minotaur (Gauntlet)
  2 fire dragons
  A deep elf death mage (Vaults:3)
  Josephine (Lair:6)
  A rakshasa (Vaults:3)
  4 yaktaur captains
  3 great orbs of eyes
  4 naga warriors
  10 ogre magi
  2 deep elf high priests
  A shambling mangrove (Swamp:2)
  3 ice dragons
  22 hydras
  2 vault guards
  5 centaur warriors
  A ghost crab (Gauntlet)
  8 anacondas
  A catoblepas (D:14)
  A death yak (D:15)
  30 two-headed ogres
  10 alligators
  20 dancing weapons
  2 tengu warriors
  13 naga sharpshooters
  7 shock serpents
  20 deep elf knights
  8 salamander mystics
  6 deep trolls
  A skeletal warrior (D:15)
  A shadow wraith (Vaults:3)
  A glowing orange brain (Vaults:1)
  A flayed ghost (Vaults:4)
  A sea snake (Snake:2)
  2 spriggan druids
  3 phantasmal warriors
  5 lindwurms
  An unseen horror (D:15)
  11 deep elf archers
  6 swamp dragons (Swamp:4)
  4 naga ritualists
  A lindwurm (shapeshifter) (Vaults:4)
  5 wizards
  2 ironbrand convokers
  2 necromancers
  3 wolf spiders
  A fire giant zombie (D:15)
  38 deep elf magi
  13 orc knights
  2 orc sorcerers (Orc:2)
  37 ugly things
  8 cyclopes
  9 salamanders
  7 mana vipers
  A manticore (D:14)
  3 guardian serpents (Snake:4)
  41 black mambas
  Joseph (D:7)
  2 ice statues (IceCv)
  12 spiny frogs
  9 vault sentinels
  A fire giant skeleton (Vaults:2)
  2 molten gargoyles (Lair:6)
  A spiny frog (shapeshifter) (Vaults:3)
  19 naga magi
  A gargoyle (D:15)
  A rime drake (shapeshifter) (Vaults:3)
  A yaktaur zombie (Vaults:2)
  4 rime drakes (Lair:4)
  16 yaktaurs
  7 komodo dragons
  2 kobold demonologists
  An efreet (D:13)
  A freezing wraith (Vaults:3)
  13 ice devils (IceCv)
  2 tengu conjurers
  A meliai (shapeshifter) (Vaults:3)
  4 polar bears (D:15)
  A guardian mummy (D:15)
  A yaktaur skeleton (Vaults:2)
  9 trolls
  A jumping spider (shapeshifter) (Vaults:2)
  6 tyrant leeches
  17 hornets
  A fire dragon zombie (D:15)
  10 blink frogs
  22 slime creatures
  10 bog bodies
  A spriggan zombie (D:15)
  17 hippogriffs
  Sigmund (D:2)
  A spriggan skeleton (D:15)
  A centaur simulacrum (D:15)
  8 spriggans
  2 air elementals (Elf:3)
  A shadow (Swamp:4)
  10 wyverns
  3 wraiths (Lair:6)
  A vampire (D:13)
  5 water elementals
  11 humans (D:14)
  10 basilisks
  19 yaks
  2 fire elementals
  3 steam dragons
  12 vampire mosquitoes
  Menkaure (D:6)
  8 wargs
  34 nagas
  2 acid dragons (Vaults:2)
  2 hungry ghosts
  6 insubstantial wisps (Swamp:3)
  13 swamp worms
  Edmund (D:5)
  3 porcupines
  5 hell hounds
  12 swamp drakes
  7 water moccasins
  2 phantoms
  4 ice beasts
  51 orc warriors
  4 black bears
  4 necrophages
  5 sky beasts
  A black bear (shapeshifter) (Vaults:1)
  An ettin simulacrum (Vaults:2)
  6 wolves
  An eye of draining (shapeshifter) (Vaults:4)
  20 ogres
  10 boggarts
  24 centaurs
  11 crocodiles
  6 big kobolds
  A human zombie (Vaults:2)
  23 bullfrogs
  4 gnoll sergeants (D:10)
  3 earth elementals (Elf:1)
  A water moccasin zombie (D:9)
  A hornet simulacrum (D:15)
  3 scorpions
  4 killer bees
  4 wights
  3 electric eels
  6 crimson imps
  5 lava snakes (Lair:6)
  A bullfrog zombie (D:7)
  6 hounds
  4 jellies
  22 orc wizards
  A quasit (D:11)
  16 orc priests
  3 bullfrog skeletons
  6 centaur skeletons
  8 iguanas
  Jessica (D:2)
  15 worker ants
  2 hound zombies (D:9)
  A hound skeleton (D:4)
  A worker ant zombie (D:9)
  Robin (D:4)
  2 gnolls (D:10)
  17 adders
  4 shadow imps
  10 white imps
  9 ufetubi (IceCv)
  2 oozes (D:2)
  2 adder skeletons
  3 worms (D:2)
  A dart slug (D:1)
  4 leopard geckos
  123 orcs
  12 ball pythons
  6 giant cockroaches
  9 hobgoblins
  12 jackals
  5 quokkas
  11 bats
  5 frilled lizards
  14 goblins
  19 kobolds
  A quokka skeleton (D:4)
  A quokka zombie (D:9)
  7 rats
1401 creatures vanquished.

Vanquished Creatures (collateral kills)
  Mara (Swamp:3)
  Xtahua (Vaults:2)
  Rupert (D:15)
  An Ice Fiend (IceCv)
  A deep elf blademaster (Elf:3)
  A thorn hunter (Swamp:3)
  4 nagarajas (Snake:4)
  A deep elf sorcerer (Elf:1)
  Louise (Elf:1)
  A vault warden (Vaults:4)
  2 deep elf demonologists
  2 deep elf death magi
  Snorg (Lair:5)
  An ice dragon (Elf:1)
  A hydra (Swamp:1)
  2 deep elf high priests (Elf:3)
  A shambling mangrove (Swamp:1)
  2 naga warriors
  A vault guard (Vaults:4)
  2 alligators (Swamp:1)
  7 anacondas
  3 two-headed ogres
  2 dancing weapons (Elf:2)
  2 naga sharpshooters
  Urug (Lair:4)
  2 shock serpents
  A deep elf knight (Elf:2)
  A spriggan (Swamp:1)
  2 salamander mystics (Snake:2)
  2 swamp dragons
  3 naga ritualists
  A phantasmal warrior (Vaults:3)
  3 deep elf archers
  4 orc knights
  5 mana vipers
  9 deep elf magi
  3 ugly things
  A salamander (Snake:2)
  2 guardian serpents (Snake:4)
  A vault sentinel (Vaults:4)
  3 black mambas
  3 naga magi
  A spiny frog (Swamp:1)
  A gargoyle (D:12)
  2 yaktaurs (Vaults:4)
  A rime drake (shapeshifter) (Vaults:3)
  A komodo dragon (Swamp:1)
  A rime drake (Lair:4)
  An ice devil (IceCv)
  A freezing wraith (Vaults:4)
  4 hornets (Swamp:1)
  A slime creature (Swamp:4)
  A hippogriff (D:13)
  2 bog bodies (Swamp:1)
  A swamp worm (Swamp:1)
  3 nagas (Snake:4)
  A swamp drake (Swamp:1)
  3 orc warriors
  A boggart (Vaults:1)
  An orc wizard (Vaults:4)
  4 orcs (Orc:2)
  A crawling corpse (Elf:3)
121 creatures vanquished.

Vanquished Creatures (others)
  Kirke (Swamp:4)
  A fire giant (Vaults:2)
  2 naga sharpshooters (Snake:3)
  A deep elf archer (Elf:1)
  2 deep elf magi
  A guardian serpent (Snake:4)
  A naga mage (Snake:4)
  4 humans (Swamp:4)
  3 boggarts
  A white imp (IceCv)
  An ufetubus (IceCv)
  2 orcs (Elf:1)
  2 briar patches (Swamp:4)
  A fungus (Lair:5)
23 creatures vanquished.

Grand Total: 1545 creatures vanquished

Notes
Turn   | Place    | Note
-------+----------+-------------------------------------------
     0 | D:1      | Garmo the Gargoyle Fighter began the quest for the Orb.
     0 | D:1      | Reached XP level 1. HP: 14/14 MP: 1/1
   437 | D:1      | Reached XP level 2. HP: 19/19 MP: 2/2
   998 | D:2      | Noticed a scorpion
  1278 | D:2      | Reached XP level 3. HP: 20/23 MP: 3/3
  1454 | D:2      | Noticed Jessica
  1529 | D:2      | Killed Jessica
  1597 | D:2      | Reached XP level 4. HP: 29/29 MP: 4/4
  1950 | D:2      | Reached skill level 4 in Fighting
  2000 | D:2      | Noticed Sigmund
  2099 | D:2      | Killed Sigmund
  2099 | D:2      | Reached XP level 5. HP: 25/34 MP: 5/5
  2099 | D:2      | Reached XP level 6. HP: 29/39 MP: 6/6
  2424 | D:3      | Found a faded altar of an unknown god.
  2965 | D:3      | Found a blossoming altar of Fedhas.
  3434 | D:4      | Reached skill level 5 in Fighting
  3434 | D:4      | Reached skill level 5 in Shields
  3542 | D:4      | Reached XP level 7. HP: 28/44 MP: 7/7
  3706 | D:4      | Found an ancient bone altar of Kikubaaqudgha.
  3721 | D:3      | Reached skill level 5 in Armour
  4364 | D:4      | Noticed Robin
  4371 | D:4      | Killed Robin
  4754 | D:4      | Found a staircase to the Ecumenical Temple.
  4770 | Temple   | Entered the Ecumenical Temple
  5543 | D:5      | Entered Level 5 of the Dungeon
  5641 | D:5      | Reached XP level 8. HP: 44/51 MP: 8/8
  5979 | D:4      | Reached skill level 6 in Fighting
  6116 | D:5      | Noticed Edmund
  6130 | D:5      | Killed Edmund
  6130 | D:5      | Reached skill level 5 in Maces & Flails
  6957 | D:6      | Found a glowing drain.
  6966 | Sewer    | Entered a sewer
  7432 | D:6      | Reached skill level 7 in Fighting
  7432 | D:6      | Reached XP level 9. HP: 56/57 MP: 9/9
  7737 | D:6      | Found a glowing golden altar of the Shining One.
  8291 | D:7      | Noticed Menkaure
  8315 | D:6      | Killed Menkaure
  8741 | D:7      | Noticed Joseph
  8759 | D:7      | Killed Joseph
  8759 | D:7      | Reached skill level 8 in Fighting
  9003 | D:7      | Reached XP level 10. HP: 62/64 MP: 10/10
  9123 | D:7      | Found a transporter.
  9237 | D:7      | Found a transporter.
 10074 | D:8      | Found a transporter.
 10078 | D:8      | Found a roughly hewn altar of Beogh.
 10078 | D:8      | Found a transporter.
 10860 | D:9      | Reached skill level 9 in Fighting
 11204 | D:9      | Found a basalt altar of Yredelemnul.
 11227 | D:9      | Found a burning altar of Makhleb.
 11228 | D:9      | Found a shattered altar of Ashenzari.
 11228 | D:9      | Found an iron altar of Okawaru.
 11228 | D:9      | Found a sacrificial altar of Ru.
 11228 | D:9      | Found a hazy altar of Hepliaklqana.
 11230 | D:9      | Found an opulent altar of Gozag.
 11231 | D:9      | Found a shimmering blue altar of Sif Muna.
 11376 | D:9      | Became a worshipper of Makhleb the Destroyer
 11415 | D:10     | Entered Level 10 of the Dungeon
 11422 | D:10     | Found an iron altar of Okawaru.
 11444 | D:10     | Noticed a brown ugly thing
 11444 | D:10     | Noticed a purple ugly thing
 11445 | D:10     | Noticed a cyan ugly thing
 11446 | D:10     | Noticed a white ugly thing
 11483 | D:9      | Killed a brown ugly thing
 11483 | D:9      | Reached skill level 1 in Invocations
 11560 | D:9      | Killed a cyan ugly thing
 11701 | D:9      | Killed a cyan ugly thing
 11701 | D:9      | Reached XP level 11. HP: 39/71 MP: 12/12
 11854 | D:10     | Noticed a brown ugly thing
 12221 | D:9      | Killed a white ugly thing
 12296 | D:10     | Killed a brown ugly thing
 12613 | D:10     | Found a staircase to the Orcish Mines.
 12636 | D:10     | Reached skill level 10 in Shields
 12725 | D:10     | Reached skill level 10 in Fighting
 13049 | D:10     | Reached skill level 10 in Armour
 13178 | D:10     | Noticed a cyan ugly thing
 13240 | D:9      | Killed a cyan ugly thing
 13541 | D:10     | Noticed a white very ugly thing
 13541 | D:10     | Noticed a wizard
 13807 | D:11     | Noticed a five-headed hydra
 13830 | D:10     | Killed a five-headed hydra
 13961 | D:10     | Reached * piety under Makhleb
 14054 | D:11     | Noticed a two-headed ogre
 14140 | D:11     | Noticed a two-headed ogre
 14167 | D:11     | Noticed a cyclops
 14206 | D:11     | Reached skill level 5 in Invocations
 14432 | D:10     | Reached ** piety under Makhleb
 14470 | D:11     | Killed a two-headed ogre
 14470 | D:11     | Reached XP level 12. HP: 78/79 MP: 14/16
 14648 | D:11     | Found a staircase to the Lair.
 14674 | D:11     | Found Gariblemp's Armour Emporium.
 14706 | D:11     | Bought a +0 pair of boots for 76 gold pieces
 15051 | D:11     | Killed a two-headed ogre
 15051 | D:11     | Reached skill level 11 in Fighting
 15143 | D:11     | Found Gariblemp's Armour Emporium.
 15231 | D:11     | Found a staircase to the Lair.
 15375 | Lair:1   | Entered Level 1 of the Lair of Beasts
 15375 | Lair:1   | Found a gate leading to a gauntlet.
 15406 | Gauntlet | Entered a Gauntlet
 15406 | Gauntlet | Found a transporter.
 15406 | Gauntlet | Noticed a tengu warrior
 15443 | Gauntlet | Found a transporter.
 15451 | Gauntlet | Found a transporter.
 15453 | Gauntlet | Found a transporter.
 15457 | Gauntlet | Found a runed translucent door.
 15458 | Gauntlet | Noticed a blizzard demon
 15459 | Gauntlet | Found a runed translucent door.
 15462 | Gauntlet | Found a transporter.
 15475 | Gauntlet | Noticed a death yak
 15475 | Gauntlet | Noticed a death yak
 15476 | Gauntlet | Noticed a death yak
 15478 | Gauntlet | Found a transporter.
 15478 | Gauntlet | Noticed a death yak
 15488 | Gauntlet | Found a transporter.
 15498 | Gauntlet | Found a transporter.
 15501 | Gauntlet | Noticed a ghost crab
 15512 | Gauntlet | Found a transporter.
 15526 | Gauntlet | Found a transporter.
 15526 | Gauntlet | Found a transporter.
 15534 | Gauntlet | Found a transporter.
 15574 | Gauntlet | Found a transporter.
 15592 | Gauntlet | Found a transporter.
 15701 | Gauntlet | Killed a tengu warrior
 15701 | Gauntlet | Reached skill level 10 in Maces & Flails
 15935 | Gauntlet | Killed a ghost crab
 16206 | Gauntlet | Noticed a minotaur
 16222 | Gauntlet | Killed a minotaur
 16389 | Gauntlet | Got a masterwork scimitar
 16478 | Lair:1   | Identified the +5 scimitar "Heivutim" {vamp, Int+3 Dex+3}
                  | (You found it in a Gauntlet)
 17240 | Lair:2   | You fall into a shaft and drop 1 floor!
 17249 | Lair:3   | Upgraded the game from 0.25.1-2-g60ff931df9 to
                  | 0.25.1-3-ge44b62a0b3
 17830 | Lair:2   | Reached *** piety under Makhleb
 17976 | Lair:2   | Found a glowing golden altar of the Shining One.
 18426 | Lair:3   | Found a staircase to the Swamp.
 18440 | Lair:3   | Reached skill level 12 in Fighting
 18465 | Lair:3   | Found a staircase to the Snake Pit.
 18536 | Lair:2   | Reached XP level 13. HP: 86/86 MP: 18/18
 18995 | Lair:4   | Found a transporter.
 19151 | Lair:4   | Reached **** piety under Makhleb
 19290 | Lair:4   | Noticed Vuikataa's ghost (journeyman FoFi)
 19300 | Lair:4   | Noticed Urug
 19326 | Lair:4   | Killed Urug
 19527 | Lair:4   | Found a bloodstained altar of Trog.
 19639 | D:11     | Identified a scroll of acquirement
 19640 | D:11     | Acquired the +1 demon whip "Trog's Anger" {pain, *Noise
                  | rC+++ Str+4 SInv}
 20008 | Lair:4   | Found the +4 dagger "Morg" {pain, MR+ Int+5}
 20148 | Lair:4   | Found a transporter.
 20165 | Lair:4   | Identified the +4 trident of Icre Qott {flame, MR+ Str+5
                  | Int-3}
 20434 | Lair:4   | Learned a level 1 spell: Animate Skeleton
 20436 | Lair:4   | Learned a level 1 spell: Apportation
 20759 | D:7      | Got a polished leather armour
 21371 | Lair:5   | Found a runed translucent door.
 21379 | Lair:5   | Noticed gareth1b's ghost (journeyman GnFi)
 21843 | Lair:5   | Found a viscous altar of Jiyva.
 21843 | Lair:5   | Found a staircase to the Slime Pits.
 21962 | Lair:5   | Noticed Snorg
 21992 | Lair:5   | Killed Snorg
 22575 | Lair:6   | Entered Level 6 of the Lair of Beasts
 22905 | Lair:6   | Reached skill level 1 in Necromancy
 22909 | Lair:6   | Gained mutation: Your large and strong wings let you fly
                  | indefinitely. [Gargoyle growth]
 22909 | Lair:6   | Reached XP level 14. HP: 83/92 MP: 19/19
 23060 | Lair:6   | Noticed Josephine
 23069 | Lair:6   | Killed Josephine
 23650 | Lair:6   | Reached ***** piety under Makhleb
 23786 | Lair:6   | Found a large runed translucent door.
 23786 | Lair:6   | Found a large runed translucent door.
 24109 | Lair:6   | Reached skill level 15 in Shields
 26141 | Orc:1    | Entered Level 1 of the Orcish Mines
 26263 | Orc:1    | Found a roughly hewn altar of Beogh.
 26545 | Orc:2    | Entered Level 2 of the Orcish Mines
 27222 | Orc:2    | Found Awam Vuj's Magic Scroll Shop.
 27222 | Orc:2    | Found Laifutsu's Armour Emporium.
 27343 | Orc:2    | Found a roughly hewn altar of Beogh.
 27542 | Orc:2    | Reached skill level 5 in Necromancy
 27711 | Orc:2    | Found Ifeeb's Food Shop.
 27711 | Orc:2    | Found Iloixici's Jewellery Emporium.
 27725 | Orc:2    | Bought an uncursed amulet of reflection for 450 gold pieces
 28041 | Orc:2    | Found a staircase to the Elven Halls.
 28264 | Orc:2    | Found a staircase to the Elven Halls.
 28475 | Orc:2    | Found Awam Vuj's Magic Scroll Shop.
 28475 | Orc:2    | Found Laifutsu's Armour Emporium.
 28482 | Orc:2    | Found a roughly hewn altar of Beogh.
 28534 | Orc:2    | Found Ifeeb's Food Shop.
 28534 | Orc:2    | Found Iloixici's Jewellery Emporium.
 29134 | D:13     | Reached XP level 15. HP: 96/96 MP: 21/21
 29292 | D:13     | Reached ****** piety under Makhleb
 29337 | D:13     | Paralysed by an ogre mage for 3 turns
 30091 | D:14     | Noticed Jorgrun
 30183 | D:14     | Killed Jorgrun
 30183 | D:14     | Reached skill level 10 in Invocations
 30272 | D:14     | Reached skill level 13 in Fighting
 30320 | D:14     | Found a gate to the Vaults.
 30371 | D:14     | Found a flickering gateway to a bazaar.
 30379 | Bazaar   | Entered a bazaar
 30379 | Bazaar   | Found Goedipair's Gadget Boutique.
 30399 | Bazaar   | Found Ysuimiosu's Armour Shoppe.
 30404 | Bazaar   | Found Eckue's Antique Armour Boutique.
 30411 | Bazaar   | Found Vuic's Assorted Antiques.
 30416 | Bazaar   | Found Gaomoef's Antique Armour Shop.
 30424 | Bazaar   | Bought a pair of runed boots for 142 gold pieces
 30468 | Bazaar   | Bought a phantom mirror for 270 gold pieces
 30468 | Bazaar   | Bought a wand of iceblast (13) for 153 gold pieces
 30468 | Bazaar   | Bought a wand of acid (4) for 144 gold pieces
 30487 | Bazaar   | Bought a +1 plate armour of fire resistance for 350 gold
                  | pieces
 30487 | Bazaar   | Bought a +1 pair of gloves of strength for 165 gold pieces
 30666 | D:14     | Got a smelly ring mail
 30787 | D:14     | Got a faintly humming leather armour
 31197 | D:15     | Entered Level 15 of the Dungeon
 31362 | D:15     | Found Yriwune's General Store.
 31546 | D:15     | Found a staircase to the Depths.
 31940 | D:15     | Noticed Rupert
 31947 | D:15     | Killed Rupert
 32032 | D:15     | Reached skill level 14 in Fighting
 32036 | D:15     | Reached XP level 16. HP: 106/106 MP: 24/24
 33033 | Swamp:1  | Entered Level 1 of the Swamp
 33033 | Swamp:1  | Identified Roxanne's Disquisition on the Rocks
 33033 | Swamp:1  | Noticed Roxanne
 33235 | Swamp:1  | Killed Roxanne
 34306 | Swamp:2  | Found an ancient bone altar of Kikubaaqudgha.
 34858 | Swamp:3  | Noticed Mara
 34858 | Swamp:3  | Noticed a thorn hunter
 34867 | Swamp:3  | Noticed Garmo's illusion
 35324 | Swamp:2  | Found an ancient bone altar of Kikubaaqudgha.
 35539 | Swamp:2  | Killed a thorn hunter
 35813 | Swamp:3  | Reached skill level 15 in Fighting
 35951 | Swamp:3  | Noticed a thorn hunter
 35964 | Swamp:3  | Killed a thorn hunter
 36263 | Swamp:3  | Found a runed translucent door.
 36263 | Swamp:3  | Noticed kulik242's ghost (adept DEFE)
 36319 | Swamp:3  | Noticed Garmo's illusion
 36327 | Swamp:3  | Killed Mara
 36794 | Swamp:4  | Entered Level 4 of the Swamp
 36948 | Swamp:4  | Reached XP level 17. HP: 113/113 MP: 27/27
 36950 | Swamp:4  | Noticed Kirke
 36976 | Swamp:4  | Killed Kirke
 37185 | Swamp:4  | Got a decaying rune of Zot
 37722 | Snake:1  | Entered Level 1 of the Snake Pit
 38130 | Snake:1  | Noticed Asterion
 38139 | Snake:1  | Killed Asterion
 38239 | Snake:1  | Found Jojuhaist's Armour Boutique.
 38240 | Snake:1  | Found Rinoathru's Assorted Antiques.
 38251 | Snake:1  | Reached skill level 16 in Fighting
 38252 | Snake:1  | Found Xemutzu's Armour Boutique.
 38255 | Snake:1  | Found Giyhya's Book Boutique.
 39532 | Snake:2  | Reached skill level 10 in Necromancy
 40377 | Snake:3  | Found a frozen archway.
 40386 | IceCv    | Entered an ice cave
 40532 | IceCv    | Noticed an Ice Fiend
 40547 | IceCv    | Killed an Ice Fiend
 40547 | IceCv    | Reached skill level 1 in Dodging
 40576 | IceCv    | Noticed an Ice Fiend
 40590 | IceCv    | Killed an Ice Fiend
 40590 | IceCv    | Reached skill level 15 in Invocations
 40590 | IceCv    | Reached XP level 18. HP: 89/122 MP: 29/29
 40763 | IceCv    | Found the +5 demon whip "Spellbinder" {antimagic, MR+}
 41346 | Snake:3  | Noticed Vashnia
 41382 | Snake:3  | Killed Vashnia
 41382 | Snake:3  | Reached skill level 17 in Fighting
 42134 | Snake:4  | Entered Level 4 of the Snake Pit
 42356 | Snake:4  | Reached skill level 5 in Dodging
 42662 | Snake:4  | Got a serpentine rune of Zot
 42788 | Snake:4  | Reached XP level 19. HP: 129/129 MP: 30/30
 43563 | Vaults:1 | Entered Level 1 of the Vaults
 43571 | Vaults:1 | Got a twisted halberd
 43881 | Orc:2    | Bought an uncursed ring of fire for 375 gold pieces
 44538 | Vaults:1 | Reached skill level 18 in Fighting
 45749 | Vaults:2 | Noticed Xtahua
 45756 | Vaults:2 | Killed Xtahua
 45969 | Vaults:2 | Got a faintly glowing arbalest
 46047 | Vaults:2 | You are sucked into a shaft and drop 2 floors!
 46948 | Vaults:4 | Found Jophenaf's Gadget Emporium.
 46974 | Vaults:4 | Bought a wand of acid (6) for 380 gold pieces
 47297 | Vaults:4 | Noticed a lich
 47316 | Vaults:4 | Reached XP level 20. HP: 124/137 MP: 10/31
 48843 | Vaults:3 | Reached skill level 19 in Fighting
 48945 | Vaults:3 | Found Eronn's Food Shoppe.
 50203 | Vaults:2 | Found a staircase to the Crypt.
 51145 | D:10     | Found an iron altar of Okawaru.
 51287 | D:10     | Found a staircase to the Orcish Mines.
 51849 | Elf:1    | Entered Level 1 of the Elven Halls
 51849 | Elf:1    | Noticed Louise
 51858 | Elf:1    | Killed Louise
 52255 | Elf:1    | Found the +3 crown of Dyrovepreva {rElec Int+2 SInv}
 52381 | Elf:1    | Reached XP level 21. HP: 144/144 MP: 10/32
 52384 | Elf:1    | Reached skill level 15 in Armour
 52608 | Elf:1    | Found an ancient bone altar of Kikubaaqudgha.
 52667 | Elf:1    | Found Wumad's Distillery.
 52670 | Elf:1    | Bought a potion of haste for 160 gold pieces
 52670 | Elf:1    | Bought a potion of haste for 160 gold pieces
 52670 | Elf:1    | Bought a potion of lignification for 48 gold pieces
 53075 | Elf:1    | Found a runed translucent gate.
 53075 | Elf:1    | Found a runed translucent gate.
 53075 | Elf:1    | Found a runed translucent gate.
 53075 | Elf:1    | Found a runed translucent gate.
 53075 | Elf:1    | Found a runed translucent gate.
 53091 | Elf:1    | Found a runed translucent gate.
 53572 | Elf:2    | Reached skill level 10 in Dodging
 53579 | Elf:2    | Found a runed translucent gate.
 53579 | Elf:2    | Found a runed translucent gate.
 53579 | Elf:2    | Found a runed translucent gate.
 54118 | Elf:2    | Reached skill level 20 in Fighting
 54473 | Elf:3    | Entered Level 3 of the Elven Halls
 55221 | Elf:3    | Killed from afar by a deep elf death mage

Illustrated notes

Levels and vault maps discovered:
D:1:      dpeg_arrival_connections, layout_rooms, minmay_strange_pillars,
          hangedman_decor_points
D:2:      layout_basic, first_ration, minmay_cupped, uniq_jessica, uniq_sigmund
D:3:      layout_loops_ring, nicolae_overflow_hidden_temple,
          chequers_ecumenical_altar_simple
D:4:      layout_basic, lemuel_round_altar, minmay_temple_entry_grid, uniq_robin
D:5:      layout_basic, uniq_edmund
D:6:      layout_loops_corners, portal_sewer_entry_d, basic_altar,
          corexii_item_surrounded_by_moat
D:7:      gammafunk_the_bubble [the_bubble_gammafunk_split], layout_basic,
          uniq_menkaure, uniq_joseph
D:8:      gammafunk_beogh_shrine, layout_cave_pools, grunt_pizzeria
D:9:      layout_roguey, minitemple
D:10:     cheibrodos_breeding_chamber, layout_irregular_city,
          kennysheep_orc_monster_closet_entryway, basic_altar
D:11:     layout_rooms, lair_entry_dummy, serial_shops, shop_fountains,
          minmay_misc_feat_cross
D:12:     layout_loops_ring
D:13:     layout_cave_pods
D:14:     layout_basic, ximxim_vaults_locker_room, serial_shops,
          bzr_entry_lakeside, hangedman_decor_clover_reticule, uniq_jorgrun
D:15:     gammafunk_depths_entry_grave, layout_long_grid, serial_ice,
          serial_ice_m, serial_ice_i, serial_ice_a, serial_ice_c,
          abandoned_shop, serial_shops, shop, minmay_pinched_square, uniq_rupert
Temple:   minmay_temple_bridge_abc
Lair:1:   layout_loops_ring, gauntlet_entry_generic, wad_woods_road_01
Lair:2:   layout_long_grid, basic_altar, cheibrodos_lair_caveside_slide
Lair:3:   layout_chaotic_city, skrybe_swamp_entry_bodies,
          minmay_snake_entry_guardpost_small, infiniplex_staircase_pool_2
Lair:4:   layout_small_grid, gammafunk_ghost_wrathful_warriors, special_room
          [special_room_mythical_zoo], grunt_megastairs_5, uniq_urug
Lair:5:   layout_cave_pods, dpeg_slime_entry_enclosed_altar,
          ebering_ghost_reflecting_pool, serial_bayou_shore_a, uniq_snorg
Lair:6:   cheibrodos_lair_end_hotspot, layout_regular_city, uniq_josephine
Swamp:1:  layout_falls_marsh, evilmike_swamp_ruin_rubble_1, uniq_roxanne
Swamp:2:  layout_falls_marsh, basic_altar, infiniplex_staircase_pool
Swamp:3:  layout_basic_swamp, ebering_ghost_inner_flame,
          evilmike_swamp_ruin_rubble_2, uniq_mara
Swamp:4:  swamp, layout_basic_swamp, uniq_kirke
Snake:1:  layout_chambers, minmay_shop_grid_forest, uniq_asterion
Snake:2:  hangedman_cross_stitches, layout_chambers, nicolae_snake_springs
Snake:3:  layout_chambers, portal_ice_cave_entry_pillars_1, grunt_megastairs_3,
          uniq_vashnia
Snake:4:  snake_pit_salamanders_mu, layout_misc_corridors
Orc:1:    layout_caves, basic_altar
Orc:2:    st_orc_town, layout_caves
Elf:1:    layout_geoelf_octagon, serial_shops, nicolae_shop_behind_doors,
          basic_altar, orc_legates, uniq_louise
Elf:2:    layout_geoelf_octagon
Elf:3:    elf_hall, layout_geoelf_octagon
Vaults:1: v_misc_32, hangedman_vaults_hat, v_alt_pattern_6,
          nicolae_vaults_network_quincunx
          [nicolae_vaults_network_quincunx_subvault,
          nicolae_vaults_network_quincunx_subvault,
          nicolae_vaults_network_quincunx_subvault,
          nicolae_vaults_network_quincunx_subvault,
          nicolae_vaults_network_quincunx_subvault], v_misc_18, v_alt_pattern_3,
          ontoclasm_vaults_twist, v_misc_13, v_misc_5,
          ontoclasm_vaults_decontamination, layout_vaults_big_cross
Vaults:2: v_rooms_2, nicolae_vaults_little_squares_3, v_misc_9, v_alt_pattern_4,
          v_rooms_4, nicolae_vaults_yaktaur_gun_rack, grunt_vaults_bifocal,
          st_lattice, hangedman_vaults_slice, layout_vaults_chaotic_city,
          dummy_crypt_entry, uniq_xtahua
Vaults:3: vaults_room_ringed_pool, v_misc_9, vaults_room_boxed,
          nicolae_vaults_mini_display_case, ontoclasm_vaults_bender,
          ontoclasm_vaults_ring_square, ontoclasm_vaults_claustrophobia,
          ontoclasm_vaults_shout, nicolae_vaults_network_s, v_misc_3,
          grunt_vaults_focal, nicolae_vaults_angled_halls, layout_vaults_maze,
          serial_shops, nicolae_shop_temple_entry_statues_fountains
Vaults:4: nicolae_vaults_little_squares_3, v_alt_pattern_3,
          nicolae_vaults_specimen_jars, nicolae_vaults_big_ls, v_pattern_3,
          dpeg_vaults_monster_box, ontoclasm_vaults_gateway,
          layout_vaults_quadrants, serial_shops, shop

Skill      XL: |  1  2  3  4  5  6  7  8  9 10 11 12 13 14 15 16 17 18 19 20 21 |
---------------+----------------------------------------------------------------+-----
Fighting       | 4 5 7 8 9 10 12 14 15 16 17 18 19 20 | 20.0
Shields        | 4 5 7 8 9 10 12 14 15 16 18 | 18.1
Maces & Flails | 3 4 5 7 8 9 10 12 14 | 14.5
Armour         | 4 5 7 8 9 10 12 13 14 15 | 15.0
Invocations    | 2 5 7 9 11 13 15 | 15.0
Necromancy     | 1 5 6 8 10 | 10.0
Dodging        | 1 5 7 9 10 | 10.0

Action                   |  1- 3 |  4- 6 |  7- 9 | 10-12 | 13-15 | 16-18 | 19-21 || total
-------------------------+-------+-------+-------+-------+-------+-------+-------++-------
Melee: Flail             |    98 |       |   253 |   884 |   223 |       |       ||  1458
       Short sword       |    16 |   135 |   207 |     9 |       |       |       ||   367
       Demon whip        |       |       |       |       |  1964 |  1585 |  1754 ||  5303
       Unarmed           |       |       |       |       |       |    10 |       ||    10
Throw: Stone             |       |       |    34 |    30 |       |       |       ||    64
       Boomerang         |       |       |       |   102 |     5 |    11 |     2 ||   120
       Javelin           |       |       |       |       |       |     1 |       ||     1
Invok: Lesser Servant of |       |       |       |       |     7 |     1 |       ||     8
       Greater Servant o |       |       |       |       |     2 |    24 |    22 ||    48
       Major Destruction |       |       |       |       |       |     2 |     3 ||     5
 Abil: Fly               |       |       |       |       |     1 |       |       ||     1
Evoke: Wand              |       |       |     2 |     5 |     1 |     1 |       ||     9
       Phial of floods   |       |       |       |       |     1 |       |       ||     1
  Use: Scroll            |       |     9 |     8 |    11 |    11 |     6 |     2 ||    47
       Potion            |       |       |     1 |     1 |     1 |     1 |     2 ||     6
 Stab: Invisible         |       |       |       |     3 |       |       |       ||     3
       Distracted        |       |       |       |       |     1 |     9 |     3 ||    13
       Confused          |       |       |       |       |     1 |     2 |       ||     3
  Eat: Chunk             |     2 |     6 |    18 |    22 |    37 |    14 |    29 ||   128
       Ration            |       |       |       |     3 |     3 |     6 |     3 ||    15
Armor: Scale mail        |    62 |    54 |    36 |       |       |       |       ||   152
       Chain mail        |       |       |   233 |   562 |   108 |       |       ||   903
       Plate armour      |       |       |       |       |   603 |   658 |   375 ||  1636
Dodge: Dodged            |    39 |    24 |   115 |   228 |   292 |   238 |   147 ||  1083
Block: Kite shield       |    67 |    57 |   235 |   611 |  1178 |  1220 |    23 ||  3391
       Reflection        |       |       |       |       |    28 |   102 |   130 ||   260
       Other             |       |       |       |       |       |     3 |       ||     3
       Tower shield      |       |       |       |       |       |       |  1233 ||  1233
